 Dungeon Crawl Stone Soup version 0.21.1-1-g345015f (webtiles) character file.

19 Iko the Grave Robber (level 2, -1/20 HPs)
             Began as a Centaur Necromancer on June 9, 2018.
             Slain by a centaur (2 damage)
             ... on level 5 of the Dungeon.
             The game lasted 00:04:29 (338 turns).

Iko the Grave Robber (Centaur Necromancer)           Turns: 338, Time: 00:04:30

Health: -1/20      AC:  7    Str: 10    XL:     2   Next: 55%
Magic:  4/4        EV:  2    Int: 14    God:
Gold:   24         SH:  0    Dex:  9    Spells: 3/4 levels left

rFire    . . .     SeeInvis .   e - +0 short sword
rCold    . . .     Gourm    .   (no shield)
rNeg     . . .     Faith    .   d - +0 chain mail
rPois    .         Spirit   .   (no helmet)
rElec    .         Reflect  .   a - scarf {repulsion}
rCorr    .         Harm     .   (no gloves)
MR       .....                  (no barding)
Stlth    ..........             (no amulet)
HPRegen  0.06/turn              (no ring)
MPRegen  0.09/turn              (no ring)

@: very slightly contaminated, repel missiles, very quick
A: large, hooves 3, deformed body, speed 2, tough skin 3
a: no special abilities


You were on level 5 of the Dungeon.
You were not hungry.

You visited 1 branch of the dungeon, and saw 5 of its levels.

You collected 24 gold pieces.

Inventory:

Hand Weapons
 e - a +0 short sword (weapon)
Armour
 a - a scarf of repulsion (worn)
 d - a +0 chain mail (worn)
Scrolls
 h - a scroll of identify
Potions
 f - 2 potions of flight
 g - a potion of magic
Books
 b - a book of Necromancy

   Spells                             Type                      Level
   a - Pain                           Necromancy                   1
   b - Animate Skeleton               Necromancy                   1
   c - Vampiric Draining              Necromancy                   3
   d - Regeneration                   Charms/Necromancy            3
   e - Animate Dead                   Necromancy                   4
   f - Borgnjor's Vile Clutch         Necromancy/Earth             5
Comestibles
 c - 2 rations


   Skills:
 + Level 1.4 Dodging
 + Level 1.1 Stealth
 + Level 1.7 Spellcasting
 + Level 4.2 Necromancy


You had 3 spell levels left.
You knew the following spells:

 Your Spells              Type           Power        Failure   Level  Hunger
a - Pain                  Necr           ##..         98%         1    ##.....


Dungeon Overview and Level Annotations

Branches:
Dungeon (5/15)
 Temple: D:4-7

Altars:

Shops:
D:4 :


Innate Abilities, Weirdness & Mutations

You have hooves in place of feet.
Armour fits poorly on your strangely shaped body.
You cover ground very quickly.
You have extremely tough skin. (AC +3)


Message History

The centaur hits you.
A centaur comes into view.
You hit the centaur. You kick the centaur, but do no damage.
The centaur is lightly wounded.
The centaur hits you.
The centaur wields a shortbow.
The centaur shoots an arrow.
The arrow hits you. The centaur hits you.
* * * LOW HITPOINT WARNING * * *
You hit the centaur.
The centaur is moderately wounded.
The worker ant bites you but does no damage.
The centaur shoots an arrow.
The arrow hits you but does no damage. The centaur barely misses you.
The worker ant bites you.
* * * LOW HITPOINT WARNING * * *
An adder comes into view.
Your chain mail prevents you from hitting the centaur.
The adder hisses angrily.
You kick the centaur!
The centaur is severely wounded.
The centaur hits you.
You die...

...... ....
....$ . .c...
.... .. #... ...
...
#...####..#..
#........S.
#.....oc.#
#.....a@.# .
..#....(..#....
.......<........
..###+###.#.#..#
..... # ##.##.#
... # #.. (.


You could see 2 centaurs, a worker ant, an adder and an orc.

Vanquished Creatures
  An ooze (D:4)
  A dart slug (D:1)
  A leopard gecko (D:2)
  2 goblins (D:1)
  2 hobgoblins (D:1)
  2 frilled lizards
  4 rats
13 creatures vanquished.

Notes
Turn   | Place    | Note
-------+----------+-------------------------------------------
     0 | D:1      | Iko the Centaur Necromancer began the quest for the Orb.
     0 | D:1      | Reached XP level 1. HP: 14/14 MP: 3/3
    87 | D:1      | Reached skill level 4 in Necromancy
    87 | D:1      | Reached XP level 2. HP: 8/20 MP: 4/4
   293 | D:4      | Found Rawk's Book Emporium.
   321 | D:4      | Noticed an ogre
   332 | D:5      | Entered Level 5 of the Dungeon
   332 | D:5      | Noticed a centaur
   336 | D:5      | Noticed a centaur
   337 | D:5      | HP: 1/20 [worker ant (2)]
   338 | D:5      | Slain by a centaur

Skill      XL: |  1 |
---------------+----+-----
Necromancy     | 4 |  4.2
Dodging        | |  1.4
Stealth        | |  1.1
Spellcasting   | |  1.7

Action                   || total
-------------------------++-------
Melee: Short sword       ||    14
       Club              ||     4
       Kick              ||     5
 Cast: Pain              ||     7
  Use: Potion            ||     3
       Scroll            ||     3
Armor: Robe              ||     2
       Leather armour    ||     2
       Chain mail        ||     5
Dodge: Dodged            ||     5
